 Dungeon Crawl Stone Soup version 0.22-a0-558-gc2241811a9 (webtiles) character file.

340 Kholdaimon the Changer (level 6, 0/46 HPs)
             Began as a Merfolk Transmuter on June 27, 2018.
             Slain by a goblin (6 damage)
             ... led by Robin
             ... on level 3 of the Dungeon.
             The game lasted 00:33:55 (4566 turns).

Kholdaimon the Changer (Merfolk Transmuter)         Turns: 4566, Time: 00:33:56

Health: 0/46       AC:  3    Str: 10    XL:     6   Next: 56%
Magic:  10/10      EV: 13    Int: 15    God:
Gold:   153        SH:  0    Dex: 14    Spells: 4/10 levels left

rFire    . . .     SeeInvis .     - Unarmed
rCold    . . .     Gourm    .   (no shield)
rNeg     . . .     Faith    .   r - +0 leather armour
rPois    .         Spirit   .   (no helmet)
rElec    .         Reflect  .   (no cloak)
rCorr    .         Harm     .   (no gloves)
MR       .....                  (no boots)
Stlth    +.........             (no amulet)
HPRegen  0.15/turn              (no ring)
MPRegen  0.12/turn              (no ring)

@: starving
A: change form in water, swift swim, stealthy swim
a: no special abilities


You were on level 3 of the Dungeon.
You were starving.

You visited 1 branch of the dungeon, and saw 3 of its levels.

You collected 153 gold pieces.

Inventory:

Missiles
 a - 52 arrows
 e - 14 poisoned needles
 g - 99 stones (quivered)
Armour
 b - a +0 robe
 i - a +2 ring mail of positive energy
 r - a +0 leather armour (worn)
Scrolls
 c - a scroll of blinking {unknown}
 h - a scroll of enchant weapon {unknown}
 j - 2 scrolls of remove curse
 u - a scroll of enchant armour {unknown}
Potions
 f - a potion of ambrosia
 k - a potion of mutation
 p - a potion of invisibility
 q - a potion of flight {unknown}
 s - a potion of degeneration {unknown}
Comestibles
 d - 4 rations


   Skills:
 + Level 2.7 Fighting
 + Level 4.1 Dodging
 + Level 4.4 Unarmed Combat
 * Level 2.9 Spellcasting
 + Level 4.7 Transmutations
 * Level 2.6 Poison Magic


You had 4 spell levels left.
You knew the following spells:

 Your Spells              Type           Power        Failure   Level  Hunger
a - Beastly Appendage     Tmut           ###...       4%          1    #......
b - Sticks to Snakes      Tmut           ###.....     6%          2    ##.....
c - Spider Form           Tmut/Pois      ##........   19%         3    ###....

Your spell library contained the following spells:

 Spells                   Type           Power        Failure   Level  Hunger
 Blade Hands              Tmut           ###.......   73%         5    ######.
 Ice Form                 Ice/Tmut       #.......     71%         4    #####..


Dungeon Overview and Level Annotations

Branches:
Dungeon (3/15)

Altars:
Gozag
Nemelex Xobeh

Annotations:
D:2 exclusion: downstairs
D:3 Ijyb, Robin


Message History

The goblin closely misses you.
You hit Robin.
Robin is moderately wounded.
Robin closely misses you. The goblin misses you.
You hit Robin but do no damage.
Robin is moderately wounded.
Robin closely misses you.
You hit Robin but do no damage.
Robin is moderately wounded.
The goblin hits you.
* * * LOW HITPOINT WARNING * * *
Robin barely misses you.
You barely miss Robin.
Robin is moderately wounded.
The goblin barely misses you. Robin hits you with a spear.
* * * LOW HITPOINT WARNING * * *
You hit Robin.
Robin is heavily wounded.
The goblin hits you.
You die...

#############
#ggg@g.......
#######g##########.
######.....>......#
##.................###
........#####g.g.....#
..)###..# #........#
.....#..# #..g.....#
####....# #g##gg..##
.#.## #.##....#


You could see Robin, 2 hobgoblins and 2 goblins.

Vanquished Creatures
  Sigmund (D:3)
  2 orc priests (D:3)
  An orc wizard (D:3)
  Jessica (D:2)
  2 adders (D:2)
  An ooze (D:3)
  4 worms
  A dart slug (D:1)
  A leopard gecko (D:1)
  3 orcs (D:3)
  7 bats
  2 giant cockroaches
  12 goblins
  8 hobgoblins
  2 jackals (D:2)
  4 frilled lizards
  7 kobolds
  8 rats
67 creatures vanquished.

Vanquished Creatures (collateral kills)
  An adder (D:2)
  An orc (D:3)
  A goblin (D:2)
3 creatures vanquished.

Grand Total: 70 creatures vanquished

Notes
Turn   | Place    | Note
-------+----------+-------------------------------------------
     0 | D:1      | Kholdaimon the Merfolk Transmuter began the quest for the Orb.
     0 | D:1      | Reached XP level 1. HP: 15/15 MP: 3/3
   358 | D:1      | Reached XP level 2. HP: 16/21 MP: 5/5
   429 | D:1      | Learned a level 2 spell: Sticks to Snakes
   959 | D:1      | Reached XP level 3. HP: 13/27 MP: 2/6
  1132 | D:1      | Learned a level 3 spell: Spider Form
  1473 | D:2      | Found an opulent altar of Gozag.
  1474 | D:2      | Found a sparkling altar of Nemelex Xobeh.
  1495 | D:2      | Noticed Jessica
  1511 | D:2      | Killed Jessica
  1511 | D:2      | Reached XP level 4. HP: 33/33 MP: 7/7
  2512 | D:2      | Reached skill level 1 in Poison Magic
  3141 | D:3      | Noticed Robin
  3316 | D:3      | Reached XP level 5. HP: 35/38 MP: 6/8
  3528 | D:3      | Noticed Ijyb
  4074 | D:3      | Noticed Sigmund
  4372 | D:3      | Killed Sigmund
  4372 | D:3      | Reached XP level 6. HP: 35/46 MP: 7/10
  4566 | D:3      | Slain by a goblin

Vault maps used:
D:1:      dpeg_arrival_concentric_ovals, st_stairs_5, roderic_serpentine_path
D:2:      grunt_temple_overflow_opulence, first_ration,
          minmay_misc_feat_four_crosses, uniq_jessica
D:3:      uniq_robin, uniq_sigmund, uniq_ijyb

Skill      XL: |  1  2  3  4  5 |
---------------+----------------+-----
Transmutations | 3 4 |  4.7
Dodging        | 3 4 |  4.1
Fighting       | 2 |  2.7
Unarmed Combat | 4 |  4.4
Poison Magic   | 1 2 |  2.6
Spellcasting   | |  2.9

Action                   |  1- 3 |  4- 6 || total
-------------------------+-------+-------++-------
Melee: Unarmed           |    76 |   200 ||   276
       Headbutt          |     6 |    18 ||    24
       Punch             |       |     4 ||     4
Throw: Stone             |       |     3 ||     3
 Cast: Beastly Appendage |    13 |    30 ||    43
       Sticks to Snakes  |     3 |     7 ||    10
  Use: Scroll            |       |     5 ||     5
       Potion            |       |     1 ||     1
 Stab: Sleeping          |     1 |     1 ||     2
  Eat: Chunk             |     2 |     9 ||    11
Armor: Robe              |     7 |    15 ||    22
       Leather armour    |       |    31 ||    31
Dodge: Dodged            |    42 |   166 ||   208

Table legend:
 A = Spawn XP
 B = Non-spawn XP
 C = Spawn XP percentage of total XP
 D = Spawn monster count
 E = Non-spawn monster count
 F = Spawn count percentage of total count
 G = Total turns spent on level
                    A         B        C        D         E        F      G
               +---------+---------+-------+---------+---------+-------+---------
         Total |       0 |     487 |   0.0 |       0 |      70 |   0.0 |  4566
               +---------+---------+-------+---------+---------+-------+---------
           D:1 |       0 |      41 |   0.0 |       0 |      23 |   0.0 |  1528
           D:2 |       0 |     115 |   0.0 |       0 |      28 |   0.0 |  2147
           D:3 |       0 |     331 |   0.0 |       0 |      19 |   0.0 |   891
               +---------+---------+-------+---------+---------+-------+---------
